 Dungeon Crawl Stone Soup version 0.22-a0-565-gfc6459a (webtiles) character file.

80 jerryfan the Sneak (level 4, -4/29 HPs)
             Began as a Halfling Assassin on June 28, 2018.
             Slain by a gnoll
             ... wielding a +0 spear
              (8 damage)
             ... on level 2 of the Dungeon.
             The game lasted 00:05:04 (909 turns).

jerryfan the Sneak (Halfling Assassin)               Turns: 909, Time: 00:05:05

Health: -4/29      AC:  5    Str: 10    XL:     4   Next: 65%
Magic:  4/4        EV: 15    Int:  9    God:
Gold:   93         SH:  0    Dex: 16    Spells: 3/3 levels left

rFire    . . .     SeeInvis .   f - -1 short sword (curse)
rCold    . . .     Gourm    .   (shield restricted)
rNeg     . . .     Faith    .   c - +0 robe
rPois    .         Spirit   .   (no helmet)
rElec    .         Reflect  .   d - +0 cloak
rCorr    .         Harm     .   (no gloves)
MR       .....                  (no boots)
Stlth    +++.......             (no amulet)
HPRegen  0.09/turn              (no ring)
MPRegen  0.09/turn              (no ring)

@: no status effects
A: small, iridescent scales 1, mutation resistance 1, weak 1
a: no special abilities


You were on level 2 of the Dungeon.
You were not hungry.

You visited 1 branch of the dungeon, and saw 2 of its levels.

You collected 93 gold pieces.

Inventory:

Hand Weapons
 a - a +2 dagger
 b - a +0 blowgun
 f - a cursed -1 short sword (weapon)
Missiles
 e - 8 poisoned needles
 j - 33 stones (quivered)
 k - 67 sling bullets
 m - a curare-tipped needle
Armour
 c - a +0 robe (worn)
 d - a +0 cloak (worn)
Scrolls
 h - 5 scrolls of identify
Comestibles
 g - 3 rations
 l - 3 chunks of flesh


   Skills:
 - Level 1.7 Fighting
 + Level 3.4 Short Blades
 + Level 2.5 Throwing
 + Level 2.0 Dodging
 * Level 5.4 Stealth


You had 3 spell levels left.
You didn't know any spells.
Your spell library was empty.

Dungeon Overview and Level Annotations

Branches:
Dungeon (2/15)

Altars:
Sif Muna


Innate Abilities, Weirdness & Mutations

You are small and have problems with some larger weapons.
You are somewhat resistant to further mutation.
You are partially covered in iridescent scales. (AC +2)
You are weak. (Str -2)


Message History

Press: ? - help, Shift-Dir - straight line, f - gnoll
Aim: a gnoll, wielding a spear You throw a stone.
The stone hits the gnoll.
The gnoll is lightly wounded.
The gnoll hits you from afar with a spear.
* * * LOW HITPOINT WARNING * * *
Throwing (i - inventory)
j - 35 stones (quivered)
Press: ? - help, Shift-Dir - straight line, f/p - gnoll
Aim: a gnoll, wielding a spear (lightly wounded)
You throw a stone. The stone closely misses the gnoll.
The stone hits the gnoll but does no damage.
The gnoll misses you.
Throwing (i - inventory)
j - 34 stones (quivered)
Press: ? - help, Shift-Dir - straight line, f/p - gnoll
Aim: a gnoll, wielding a spear (lightly wounded)
You throw a stone.
The stone hits the gnoll but does no damage.
The gnoll is lightly wounded.
The gnoll hits you from afar with a spear!
You die...

# #...###..#
##.%.. #
##########
##≈≈≈≈≈##
#≈≈≈≈≈≈≈#
#≈≈...≈≈# #
#≈≈._.≈≈# #
.#≈≈...≈≈### #
.#≈≈≈.≈≈≈#@# #
.##≈oo≈≈##.# #
..###g####g# ##
##.####.####g#
.####..w....##.#g#
.gS......##.##.#o#
..###.##.##..g...#
..# #.##.......###
### #.#####.####


You could see 3 gnolls and an orc.

Vanquished Creatures
  Jessica (D:2)
  2 adders (D:2)
  A gnoll (D:2)
  A worm (D:2)
  A leopard gecko (D:1)
  An orc (D:2)
  2 bats
  A goblin (D:2)
  4 hobgoblins
  A frilled lizard (D:2)
  6 kobolds
  2 rats (D:1)
23 creatures vanquished.

Notes
Turn   | Place    | Note
-------+----------+-------------------------------------------
     0 | D:1      | jerryfan the Halfling Assassin began the quest for the Orb.
     0 | D:1      | Reached XP level 1. HP: 14/14 MP: 1/1
   281 | D:1      | Reached XP level 2. HP: 19/19 MP: 2/2
   673 | D:2      | Reached XP level 3. HP: 19/24 MP: 3/3
   678 | D:2      | Noticed Jessica
   695 | D:2      | Killed Jessica
   695 | D:2      | Reached skill level 5 in Stealth
   695 | D:2      | Reached XP level 4. HP: 25/29 MP: 4/4
   814 | D:2      | Gained mutation: You are weak. (Str -2) [potion of mutation]
   814 | D:2      | Gained mutation: You are partially covered in iridescent scales. (AC +2) [potion of mutation]
   847 | D:2      | Found a deep blue altar of Sif Muna.
   909 | D:2      | Slain by a gnoll

Vault maps used:
D:1:      eino_arrival_tree_alley, hangedman_glass_teeth,
          minmay_tree_intersection
D:2:      nicolae_ru_the_path_less_chosen, led_sif_pool, first_ration,
          uniq_jessica, uniq_sigmund, uniq_terence

Skill      XL: |  1  2  3  4 |
---------------+-------------+-----
Short Blades   | 3 |  3.4
Stealth        | 5 |  5.4
Dodging        | 2 |  2.0
Fighting       | |  1.7
Throwing       | |  2.5

Action                   |  1- 3 |  4- 6 || total
-------------------------+-------+-------++-------
Melee: Dagger            |    41 |    11 ||    52
       Short sword       |       |    33 ||    33
 Fire: Blowgun           |     9 |       ||     9
Throw: Stone             |       |     8 ||     8
  Use: Potion            |       |     2 ||     2
       Scroll            |       |     1 ||     1
 Stab: Sleeping          |     7 |       ||     7
Armor: Robe              |     1 |     8 ||     9
Dodge: Dodged            |    21 |    41 ||    62

Table legend:
 A = Spawn XP
 B = Non-spawn XP
 C = Spawn XP percentage of total XP
 D = Spawn monster count
 E = Non-spawn monster count
 F = Spawn count percentage of total count
 G = Total turns spent on level
                    A         B        C        D         E        F      G
               +---------+---------+-------+---------+---------+-------+---------
         Total |       0 |     115 |   0.0 |       0 |      23 |   0.0 |   909
               +---------+---------+-------+---------+---------+-------+---------
           D:1 |       0 |      19 |   0.0 |       0 |      11 |   0.0 |   603
           D:2 |       0 |      96 |   0.0 |       0 |      12 |   0.0 |   306
               +---------+---------+-------+---------+---------+-------+---------
